 Dungeon Crawl Stone Soup version 0.31-a0-167-g1c394c0614 (webtiles) character file.

Game seed: 1390030483137568537

273 qw the Shooter (level 6, -1/56 HPs)
             Began as a Naga Hunter on June 14, 2023.
             Slain by a howler monkey (7 damage)
             ... on level 4 of the Dungeon.
             The game lasted 00:00:55 (1960 turns).

qw the Shooter (Naga Hunter)                        Turns: 1960, Time: 00:00:56

Health: -1/56      AC:  0    Str: 14    XL:     6   Next: 24%
Magic:  6/6        EV:  9    Int:  9    God:
Gold:   162        SH:  0    Dex: 16    Spells: 5/5 levels left

rFire   . . .        Y - +0 shortbow
rCold   . . .        (shield currently unavailable)
rNeg    . . .        c - +0 leather armour
rPois   +            (no helmet)
rElec   .            (no cloak)
rCorr   .            (no gloves)
SInv    +            (no barding)
Will    .....        e - amulet of regeneration
Stlth   ++           (no ring)
HPRegen 1.09/turn    (no ring)
MPRegen 0.10/turn

%: no passive effects
@: short of breath, corroded, very slow
A: AC +2, large, see invisible, deformed body, poison resistance, slowness 2,
spit poison 1, naga tail 1, subdued magic 1
a: Spit Poison


You were on level 4 of the Dungeon.
You visited 1 branch of the dungeon, and saw 4 of its levels.

You collected 162 gold pieces.


Innate Abilities, Weirdness & Mutations

Your serpentine skin is tough. (AC +2)
You have supernaturally acute eyesight. (SInv)
Armour fits poorly on your strangely shaped body.
Your system is resistant to poisons. (rPois)
You cover ground very slowly.
You can spit poison.
You have a snake-like lower body.
Your spells are a little easier to cast, but a little less powerful.


   Skills:
 + Level 3.3 Fighting
 - Level 6.1 Ranged Weapons
 - Level 1.5 Dodging
 - Level 1.5 Stealth


You had 5 spell levels left.
You didn't know any spells.
Your spell library was empty.

Inventory:

Hand Weapons
 Y - a +0 shortbow (weapon)
Armour
 c - a +0 leather armour (worn)
Jewellery
 e - an amulet of regeneration (around neck)
 k - a ring of fire
Scrolls
 a - a scroll of identify
 j - a scroll of enchant armour {unknown}
Potions
 b - 2 potions of mutation
 d - a potion of heal wounds {unknown}
 f - a potion of curing
 g - a potion of attraction {unknown}
 h - a potion of lignification {unknown}
 i - a potion of brilliance {unknown}

Dungeon Overview and Level Annotations

Branches:
Dungeon (4/15)
 Temple: D:4-7

Altars:
Vehumet


Message History

The ball python is severely wounded.
You kill the ball python!
The howler monkey hoots and howls with incredible vigour!
The quokka bites you.
You shoot an arrow.
The arrow barely misses the howler monkey.
The howler monkey barely misses you. The quokka bites you.
You shoot an arrow. The arrow hits the howler monkey.
The howler monkey is lightly wounded.
You have got your breath back.
The howler monkey barely misses you. The quokka bites you.
The howler monkey hits you. The quokka bites you.
1955 ||| INVOKING Spit Poison.
Aiming: Spit Poison (1% risk of failure)
Press: ? - help, Shift-Dir - straight line, f/p - howler monkey The splash of poison hits the howler monkey.
The howler monkey is poisoned.
The howler monkey is lightly wounded.
The howler monkey barely misses you. The quokka bites you.
You shoot an arrow.
The arrow closely misses the howler monkey.
The howler monkey hits you.
The quokka twitches its whiskers.
The quokka bites you.
You shoot an arrow. The arrow hits the howler monkey.
The howler monkey is moderately wounded.
The howler monkey hits you. The quokka bites you. The howler monkey hits you.
The quokka bites you.
You shoot an arrow.
The arrow hits the howler monkey but does no damage.
The howler monkey is moderately wounded.
The howler monkey hits you. The quokka bites you.
You shoot an arrow. The arrow hits the howler monkey.
The howler monkey is severely wounded.
The howler monkey hoots and howls with incredible vigour!
The quokka barely misses you.
You shoot an arrow. The arrow hits the howler monkey.
The howler monkey is severely wounded.
The howler monkey hits you!
You die...

...%.....# #.#
.............# #.#
.........)...# #.#
..........)..########.#
...........)..........#
....%.......)#.########
............)..#
......h......###
.......@.....#
...#..r.##..##
#...######.# ...# #.#
## #.# ..# ###


You could see a howler monkey (poisoned, catching breath) and a quokka.

Vanquished Creatures
  A jelly (D:4)
  An orc priest (D:4)
  2 orc wizards (D:4)
  2 adders (D:2)
  4 gnolls (D:2)
  An ufetubus (D:4)
  2 worms (D:3)
  9 dart slugs
  6 orcs (D:4)
  A bat (D:2)
  7 endoplasms
  2 giant cockroaches (D:3)
  5 goblins
  9 hobgoblins
  4 jackals (D:1)
  3 kobolds
  3 quokkas
  4 ball pythons
  8 frilled lizards
  4 rats
78 creatures vanquished.

Notes
Turn   | Place    | Note
-------+----------+-------------------------------------------
     0 | D:1      | qw the Naga Hunter began the quest for the Orb.
     0 | D:1      | Reached XP level 1. HP: 19/19 MP: 1/1
     0 | D:1      | 0 ||| qw: Version: 0.2-a-29-g1fa15c8
     0 | D:1      | 0 ||| qw: Game counter: 5114
     0 | D:1      | 0 ||| qw: Always use a shield: true
     0 | D:1      | 0 ||| qw: God list: Okawaru
     0 | D:1      | 0 ||| qw: Allow faded altars: false
     0 | D:1      | 0 ||| qw: Do Orc after D:15 true
     0 | D:1      | 0 ||| qw: Do second Lair branch before Depths: true
     0 | D:1      | 0 ||| qw: Lair rune preference: random
     0 | D:1      | 0 ||| qw: Plans: Normal
     0 | D:1      | 0 ||| PLANNING D:1-11
    63 | D:1      | 63 ||| INVOKING Spit Poison.
    68 | D:1      | 68 ||| INVOKING Spit Poison.
   107 | D:1      | 107 ||| INVOKING Spit Poison.
   110 | D:1      | Reached skill level 4 in Ranged Weapons
   110 | D:1      | Reached XP level 2. HP: 26/26 MP: 2/2
   172 | D:1      | 172 ||| INVOKING Spit Poison.
   199 | D:1      | 199 ||| INVOKING Spit Poison.
   202 | D:1      | 202 ||| INVOKING Spit Poison.
   219 | D:1      | 219 ||| INVOKING Spit Poison.
   226 | D:1      | 226 ||| INVOKING Spit Poison.
   277 | D:1      | 277 ||| INVOKING Spit Poison.
   283 | D:1      | 283 ||| INVOKING Spit Poison.
   297 | D:1      | 297 ||| INVOKING Spit Poison.
   301 | D:1      | 301 ||| INVOKING Spit Poison.
   304 | D:1      | Reached XP level 3. HP: 32/32 MP: 3/3
   368 | D:1      | 368 ||| INVOKING Spit Poison.
   387 | D:1      | 387 ||| INVOKING Spit Poison.
   397 | D:1      | 397 ||| UPGRADING to amulet of regeneration.
   402 | D:1      | 402 ||| READING scroll labelled KEROIPT LOXKO.
   403 | D:1      | 403 ||| DROPPING scroll of butterflies.
   435 | D:2      | 435 ||| INVOKING Spit Poison.
   447 | D:2      | 447 ||| INVOKING Spit Poison.
   524 | D:2      | 524 ||| INVOKING Spit Poison.
   528 | D:2      | 528 ||| INVOKING Spit Poison.
   531 | D:2      | Reached skill level 5 in Ranged Weapons
   531 | D:2      | Reached XP level 4. HP: 39/39 MP: 4/4
   531 | D:2      | 531 ||| INVOKING Spit Poison.
   534 | D:2      | 534 ||| INVOKING Spit Poison.
   565 | D:2      | 565 ||| INVOKING Spit Poison.
   784 | D:2      | 784 ||| INVOKING Spit Poison.
   789 | D:2      | 789 ||| INVOKING Spit Poison.
   792 | D:2      | 792 ||| INVOKING Spit Poison.
   817 | D:2      | 817 ||| INVOKING Spit Poison.
   820 | D:2      | 820 ||| INVOKING Spit Poison.
  1087 | D:2      | 1087 ||| DROPPING amulet of magic regeneration.
  1088 | D:2      | 1088 ||| READING 3 scrolls labelled MUUNOY PIPHOI.
  1089 | D:2      | 1089 ||| READING scroll labelled JESTRI BUARUDU.
  1090 | D:2      | 1090 ||| READING scroll labelled TAAHU ALEUVICA.
  1091 | D:2      | 1091 ||| READING 2 scrolls of identify.
  1091 | D:2      | 1091 ||| IDENTIFYING glowing pink potion
  1092 | D:2      | 1092 ||| DROPPING potion of magic.
  1109 | D:3      | 1109 ||| INVOKING Spit Poison.
  1130 | D:3      | 1130 ||| INVOKING Spit Poison.
  1139 | D:3      | 1139 ||| INVOKING Spit Poison.
  1145 | D:3      | 1145 ||| INVOKING Spit Poison.
  1146 | D:3      | Reached skill level 3 in Fighting
  1155 | D:3      | 1155 ||| INVOKING Spit Poison.
  1159 | D:3      | 1159 ||| INVOKING Spit Poison.
  1225 | D:3      | 1225 ||| INVOKING Spit Poison.
  1269 | D:3      | 1269 ||| INVOKING Spit Poison.
  1302 | D:3      | Found a radiant altar of Vehumet.
  1345 | D:3      | 1345 ||| INVOKING Spit Poison.
  1376 | D:3      | 1376 ||| INVOKING Spit Poison.
  1389 | D:3      | Reached XP level 5. HP: 49/49 MP: 5/5
  1539 | D:3      | 1539 ||| INVOKING Spit Poison.
  1589 | D:3      | 1589 ||| INVOKING Spit Poison.
  1638 | D:3      | 1638 ||| READING scroll labelled GIUGRI ILOLIH.
  1641 | D:3      | 1641 ||| DRINKING 3 white potions.
  1641 | D:3      | Gained mutation: Your spells are a little easier to cast,
                  | but a little less powerful. [potion of mutation]
  1642 | D:3      | 1642 ||| DRINKING 2 smoky inky potions.
  1700 | D:4      | 1700 ||| INVOKING Spit Poison.
  1707 | D:4      | 1707 ||| INVOKING Spit Poison.
  1712 | D:4      | 1712 ||| INVOKING Spit Poison.
  1715 | D:4      | 1715 ||| INVOKING Spit Poison.
  1857 | D:4      | 1857 ||| INVOKING Spit Poison.
  1862 | D:4      | 1862 ||| INVOKING Spit Poison.
  1867 | D:4      | 1867 ||| INVOKING Spit Poison.
  1874 | D:4      | 1874 ||| INVOKING Spit Poison.
  1881 | D:4      | 1881 ||| INVOKING Spit Poison.
  1881 | D:4      | HP: 11/49 [orc priest/divine providence (17)]
  1886 | D:4      | 1886 ||| INVOKING Spit Poison.
  1891 | D:4      | 1891 ||| INVOKING Spit Poison.
  1891 | D:4      | HP: 7/49 [orc priest/divine providence (12)]
  1894 | D:4      | Reached skill level 6 in Ranged Weapons
  1894 | D:4      | Reached XP level 6. HP: 11/56 MP: 6/6
  1946 | D:4      | 1946 ||| INVOKING Spit Poison.
  1952 | D:4      | 1952 ||| INVOKING Spit Poison.
  1955 | D:4      | 1955 ||| INVOKING Spit Poison.
  1957 | D:4      | HP: 12/56 [quokka (3)]
  1958 | D:4      | HP: 4/56 [quokka (3)]
  1960 | D:4      | Slain by a howler monkey

Levels and vault maps discovered:
D:1:      giann_forest_graveyard, layout_rooms
D:2:      layout_basic, minmay_tree_intersection, uniq_crazy_yiuf_cottage
D:3:      layout_loops_ring, overflow_temple_1_default
D:4:      kennysheep_slugbush, layout_loops_ring, mainiacjoe_overflow_alcove_1,
          lemuel_zombie_altar_kikubaaqudgha, mainiacjoe_overflow_catwalk,
          wad_floor_pattern_2

Skill      XL: |  1  2  3  4  5 |
---------------+----------------+-----
Ranged Weapons | 4 5 6 |  6.1
Fighting       | 3 |  3.3
Dodging        | |  1.5
Stealth        | |  1.5

Action                     |  1- 3 |  4- 6 || total
---------------------------+-------+-------++-------
   Fire: Shortbow          |    46 |   111 ||   157
Ability: Spit Poison       |    18 |    34 ||    52
    Use: Scroll            |     1 |     5 ||     6
         Potion            |       |     2 ||     2
 Armour: Leather armour    |       |     4 ||     4
  Dodge: Dodged            |     4 |    26 ||    30

Table legend:
 A = Non-vault XP
 B = Vault XP
 C = Vault XP percentage of total XP
 D = Non-vault monster count
 E = Vault monster count
 F = Vault count percentage of total count
                 A         B        C        D         E       F
            +---------+---------+-------+---------+---------+-------
      Total |     359 |      32 |   8.2 |      70 |       8 |  10.3
            +---------+---------+-------+---------+---------+-------
        D:1 |      39 |       0 |   0.0 |      23 |       0 |   0.0
        D:2 |     102 |       0 |   0.0 |      16 |       0 |   0.0
        D:3 |      30 |       0 |   0.0 |      15 |       0 |   0.0
        D:4 |     188 |      32 |  14.5 |      16 |       8 |  33.3
            +---------+---------+-------+---------+---------+-------
